 Dungeon Crawl Stone Soup version 0.24-a0-244-ga6a6ab7 (webtiles) character file.

Game seed: 11273866016259971495

172 Veiltonx the Grave Robber (level 5, -1/30 HPs)
             Began as a Deep Elf Necromancer on Apr 11, 2019.
             Slain by a worker ant (6 damage)
             ... on level 4 of the Dungeon.
             The game lasted 00:09:36 (1966 turns).

Veiltonx the Grave Robber (Deep Elf Necromancer)    Turns: 1966, Time: 00:09:36

Health: -1/30      AC:  3    Str:  5    XL:     5   Next: 27%
Magic:  11/14      EV: 13    Int: 21    God:
Gold:   85         SH:  0    Dex: 15    Spells: 6/14 levels left

rFire    . . .     SeeInvis .   b - +2 dagger (holy)
rCold    . . .     Gourm    .   (no shield)
rNeg     . . .     Faith    .   a - +0 robe
rPois    .         Spirit   .   (no helmet)
rElec    .         Reflect  .   (no cloak)
rCorr    .         Harm     .   e - +0 pair of gloves
MR       .....                  (no boots)
Stlth    ++........             (no amulet)
HPRegen  0.10/turn              (no ring)
MPRegen  0.14/turn              (no ring)

@: no status effects
A: no striking features
a: no special abilities


You were on level 4 of the Dungeon.
You were not hungry.

You visited 1 branch of the dungeon, and saw 6 of its levels.

You collected 85 gold pieces.

Inventory:

Hand Weapons
 b - a +2 dagger of holy wrath (weapon)
Armour
 a - a +0 robe (worn)
 e - a +0 pair of gloves (worn)
 h - a +0 leather armour
Jewellery
 f - a cursed ring of teleportation {unknown}
 k - a +3 ring of intelligence {unknown}
Wands
 d - a wand of random effects (13)
Scrolls
 g - a scroll of magic mapping {unknown}
Potions
 i - a potion of heal wounds
 j - 2 potions of agility {unknown}
 l - 2 potions of brilliance {unknown}
Comestibles
 c - 3 rations
 m - a chunk of flesh


   Skills:
 * Level 2.0 Fighting
 + Level 3.3 Dodging
 - Level 2.4 Stealth
 + Level 5.0 Spellcasting
 + Level 5.5 Necromancy


You had 6 spell levels left.
You knew the following spells:

 Your Spells              Type           Power        Failure   Level  Hunger
a - Pain                  Necr           ####         1%          1    None
b - Vampiric Draining     Necr           ####......   3%          3    ##.....
c - Animate Dead          Necr           N/A          11%         4    ####...

Your spell library contained the following spells:

 Spells                   Type           Power        Failure   Level  Hunger
 Animate Skeleton         Necr           N/A          1%          1    None
 Regeneration             Chrm/Necr      ###.......   11%         3    ##.....


Dungeon Overview and Level Annotations

Branches:
Dungeon (6/15)
 Temple: D:4-7

Altars:
Ashenzari
Gozag
Makhleb

Annotations:
D:5 1 transporter


Message History

You feel sick.
You are no longer poisoned.
Something bites your worker ant zombie.
The worker ant bites your worker ant zombie.
Your worker ant zombie bites the worker ant.
Casting: Animate Dead (safe; 11% risk of failure)
Confirm with . or Enter, or press ? or * to list all spells.
You can't see any susceptible monsters within range! (Use Z to cast anyway.)
The worker ant bites your worker ant zombie!
Your worker ant zombie is destroyed!
The worker ant misses you. The worker ant bites you.
* * * LOW HITPOINT WARNING * * *
Casting: Animate Dead (safe; 11% risk of failure)
Confirm with . or Enter, or press ? or * to list all spells.
Aiming: Pain (safe; 1% risk of failure)
Press: ? - help, Shift-Dir - straight line, f - worker ant
Aim: a worker ant (lightly wounded, chance to defeat MR: 89%)
The worker ant writhes in agony!
The worker ant bites you.
You die...

.... #....###..######...##
....
..#........##....##...#
#... ..#.......#..##.##...#
.o. .#
##.#....####...###...##
..###........####..)....##
. ....#.........#####...###
.. ..................#####
.. ##..# #................
.. ...####.##..@..........
..###..#..#.#..##a...#.....
....................##..##.
......##.#........### ##
#>.a##.#.#......>##
#...##...........#
##...#....####.###
#.#....#.# ### .....##.#...


You could see a worker ant.

Vanquished Creatures
  A scorpion (D:4)
  Ijyb (D:4)
  A worker ant (D:4)
  4 adders
  An ooze (D:2)
  A dart slug (D:2)
  2 bats
  4 giant cockroaches
  7 goblins
  5 hobgoblins
  3 jackals
  2 kobolds (D:1)
  3 rats
35 creatures vanquished.

Notes
Turn   | Place    | Note
-------+----------+-------------------------------------------
     0 | D:1      | Veiltonx the Deep Elf Necromancer began the quest for the
                  | Orb.
     0 | D:1      | Reached XP level 1. HP: 10/10 MP: 6/6
   283 | D:1      | Reached skill level 5 in Necromancy
   488 | D:1      | Reached XP level 2. HP: 15/15 MP: 6/8
   840 | D:2      | Found a burning altar of Makhleb.
   962 | D:2      | Found an opulent altar of Gozag.
  1057 | D:2      | Reached XP level 3. HP: 13/19 MP: 4/10
  1250 | D:2      | Reached skill level 1 in Fighting
  1274 | D:2      | You fall through a shaft for 2 floors!
  1307 | D:3      | You fall through a shaft for 3 floors!
  1317 | D:5      | Entered Level 5 of the Dungeon
  1387 | D:4      | Noticed an ogre
  1461 | D:5      | Found a shattered altar of Ashenzari.
  1482 | D:5      | Noticed a gnoll sergeant
  1547 | D:5      | Noticed an ogre
  1554 | D:5      | Noticed Ijyb
  1565 | D:5      | Noticed a scorpion
  1593 | D:5      | Found a transporter.
  1603 | D:4      | Killed Ijyb
  1603 | D:4      | Reached XP level 4. HP: 10/25 MP: 4/12
  1839 | D:4      | Reached XP level 5. HP: 28/30 MP: 10/14
  1844 | D:4      | Learned a level 3 spell: Vampiric Draining
  1849 | D:4      | Learned a level 4 spell: Animate Dead
  1906 | D:4      | Reached skill level 5 in Spellcasting
  1966 | D:4      | Slain by a worker ant

Levels and vault maps discovered:
D:1:      lemuel_arrival_tunnels, layout_basic
D:2:      layout_loops_ring, marbit_many_paths, lemuel_round_altar, uniq_sigmund
D:3:      layout_basic, lemuel_crystal_altar
D:4:      layout_cave_pools, lemuel_round_altar, first_ration, minmay_puff
D:5:      layout_rooms, tgw_xom, nicolae_qazlal_style_of_elements,
          nicolae_overflow_hidden_temple, gammafunk_ghost_gnarly_gnolls,
          minmay_chambers_of_fives, uniq_grinder, uniq_ijyb
D:6:      layout_cave_pools, fedhas_altar_fruit_tree, serial_shops, shop,
          kennysheep_diamond

Skill      XL: |  1  2  3  4  5 |
---------------+----------------+-----
Necromancy     | 5 |  5.5
Spellcasting   | 4 5 |  5.0
Fighting       | 1 2 |  2.0
Dodging        | 3 |  3.3
Stealth        | |  2.4

Action                   |  1- 3 |  4- 6 || total
-------------------------+-------+-------++-------
Melee: Dagger            |    16 |     1 ||    17
 Cast: Pain              |    54 |    13 ||    67
       Animate Dead      |       |     2 ||     2
  Use: Scroll            |     3 |       ||     3
 Stab: Sleeping          |       |     1 ||     1
  Eat: Chunk             |     2 |     1 ||     3
Armor: Robe              |     5 |       ||     5
Dodge: Dodged            |    22 |     5 ||    27

Table legend:
 A = Non-vault XP
 B = Vault XP
 C = Vault XP percentage of total XP
 D = Non-vault monster count
 E = Vault monster count
 F = Vault count percentage of total count
                 A         B        C        D         E       F
            +---------+---------+-------+---------+---------+-------
      Total |     146 |     100 |  40.7 |      32 |       3 |   8.6
            +---------+---------+-------+---------+---------+-------
        D:1 |      22 |       0 |   0.0 |      12 |       0 |   0.0
        D:2 |      55 |       1 |   1.8 |      14 |       1 |   6.7
        D:3 |       2 |       0 |   0.0 |       1 |       0 |   0.0
        D:4 |      53 |      99 |  65.1 |       4 |       2 |  33.3
        D:5 |      14 |       0 |   0.0 |       1 |       0 |   0.0
            +---------+---------+-------+---------+---------+-------
